 Dungeon Crawl Stone Soup version 0.30-a0-726-gd89dcf765f (webtiles) character file.

Game seed: 1278803229197865734

62506 Flugkiller the Severer (level 15, -4/109 HPs)
             Began as an Octopode Wanderer on Jan 29, 2023.
             Was an Initiate of Gozag.
             Killed from afar by an ice statue (15 damage)
             ... with a shard of ice
             ... in an ice cave.
             The game lasted 00:33:07 (21238 turns).

Flugkiller the Severer (Octopode Wanderer)         Turns: 21238, Time: 00:33:08

Health: -4/109     AC:  6    Str: 26    XL:     15   Next: 6%
Magic:  15/15      EV: 22    Int: 14    God:    Gozag
Gold:   3974       SH: 26    Dex: 25    Spells: 14/14 levels left

rFire   x . .      SeeInvis .    i - +6 broad axe (elec)
rCold   + . .      Faith    .    l - +1 tower shield
rNeg    . . .      Spirit   .    W - +1 hat {Will+}
rPois   +          Reflect  +    I - amulet of reflection
rElec   .          Harm     .    u - +6 ring of dexterity
rCorr   .          Rampage  .    v - +6 ring of strength
Will    +++..                    H - ring of wizardry
Stlth   +++++                    m - ring of willpower
HPRegen 0.38/turn                B - ring of poison resistance
MPRegen 0.14/turn                S - +6 ring of strength
                                 p - +4 ring of protection
                                 c - ring "Qeucir" {Ice Str+2 Stlth+}

@: gold aura, slowed, very slow
A: almost no armour, amphibious, 8 rings, camouflage 1, gelatinous body 1,
(nimble swimmer 1), tentacles
a: Renounce Religion, Potion Petition, Call Merchant, Bribe Branch


You were in an ice cave.
You worshipped Gozag.
Gozag was most pleased with you.
You visited 4 branches of the dungeon, and saw 20 of its levels.
You also visited: Sewer, Gauntlet and Ice Cave.

You collected 6102 gold pieces.
You spent 1539 gold pieces at shops.
You paid 589 gold pieces to Gozag.

Inventory:

Hand Weapons
 a - a +1 war axe of flaming
 i - a +6 broad axe of electrocution (weapon)
   (You bought it in a shop on level 2 of the Orcish Mines)
Missiles
 f - 2 silver boomerangs (quivered)
 x - 2 throwing nets
 y - 5 curare-tipped darts
 C - 6 silver javelins
Armour
 l - a +1 tower shield (worn)
   (You found it on level 3 of the Dungeon)
 M - a +0 kite shield
   (You found it on level 3 of the Dungeon)
 T - the +1 hat of Vuf Efunosa {Rampage Will+}
   (You found it in a Gauntlet)

   Rampage:   It bestows one free step when moving towards enemies.
   Will:      It increases your willpower.
 W - a +1 hat of willpower (worn)
   (You found it in a Gauntlet)
Jewellery
 c - the ring "Qeucir" (on tentacle) {Ice Str+2 Stlth+}
   (You took it off a minotaur in a Gauntlet)

   [ring of ice]

   It enhances your ice magic.
   Str:       It affects your strength (+2).
   rF:        It makes you vulnerable to fire.
   rC:        It protects you from cold.
   Stlth:     It makes you more stealthy.
 m - a ring of willpower (on tentacle)
   (You found it on level 9 of the Dungeon)
 o - the amulet of Untruth {Acrobat Str+3}
   (You found it in a Gauntlet)

   [amulet of the acrobat]

   It increases your evasion while moving and waiting.
   Str:       It affects your strength (+3).
 p - a +4 ring of protection (on tentacle)
   (You found it on level 3 of the Lair of Beasts)
 u - a +6 ring of dexterity (left tentacle)
   (You found it in a sewer)
 v - a +6 ring of strength (right tentacle)
   (You found it on level 4 of the Dungeon)
 B - a ring of poison resistance (on tentacle)
   (You bought it in a shop on level 9 of the Dungeon)
 H - a ring of wizardry (on tentacle)
   (You found it on level 8 of the Dungeon)
 I - an amulet of reflection (around mantle)
   (You found it on level 8 of the Dungeon)
 O - the ring "Hoakok" {Fly rElec rPois rCorr Str-5}
   (You found it in a Gauntlet)

   [ring of flight]

   Str:       It affects your strength (-5).
   rElec:     It insulates you from electricity.
   rPois:     It protects you from poison.
   Fly:       It grants you flight.
   rCorr:     It protects you from acid and corrosion.
 S - a +6 ring of strength (on tentacle)
   (You found it in a Gauntlet)
 Z - an amulet of regeneration
   (You found it on level 5 of the Lair of Beasts)
Wands
 G - a wand of polymorph (6)
   (You took it off a centaur on level 9 of the Dungeon)
 J - a wand of paralysis (17)
   (You found it on level 8 of the Dungeon)
 V - a wand of roots (6)
   (You took it off a centaur on level 6 of the Dungeon)
 X - a wand of flame (15)
   (You found it on level 5 of the Lair of Beasts)
 Y - a wand of quicksilver (4)
   (You found it on level 4 of the Lair of Beasts)
Scrolls
 j - a scroll of brand weapon
 r - 17 scrolls of identify
 s - a scroll of vulnerability
 t - 4 scrolls of teleportation
 z - a scroll of blinking
 A - 4 scrolls of fog
 D - 3 scrolls of immolation
 L - 2 scrolls of poison
 N - a scroll of magic mapping
 P - a scroll of fear
Potions
 b - a potion of invisibility
 d - 3 potions of might
 e - 4 potions of cancellation
 g - 4 potions of attraction
 h - 4 potions of magic
 k - 3 potions of flight
 n - 2 potions of resistance
 q - 4 potions of curing
 w - 3 potions of heal wounds
 E - 3 potions of mutation
 F - 3 potions of lignification
 K - 4 potions of brilliance
 U - a potion of ambrosia
Miscellaneous
 Q - a phantom mirror
   (You found it in a Gauntlet)
 R - a lightning rod (4/4)
   (You found it in a Gauntlet)


   Skills:
 + Level 12.5 Fighting
 + Level 16.0 Axes
 - Level 1.0 Staves
 + Level 12.5 Dodging
 - Level 4.0 Stealth
 + Level 11.6 Shields
 - Level 6.0 Evocations


You had 14 spell levels left.
You didn't know any spells.
Your spell library contained the following spells:

 Spells                   Type           Power      Damage    Failure   Level
 Cigotuvi's Dreadful Rot  Necr/Pois/Air  0%         N/A       63%         2
 Poisonous Vapours        Pois/Air       0%         N/A       63%         2
 Gell's Gravitas          Tloc           0%         N/A       85%         3
 Ignite Poison            Fire/Tmut/Pois 0%         N/A       85%         3
 Kindle Blastsparks       Fire/Tloc/Air  0%         2d10      85%         3
 Mephitic Cloud           Conj/Pois/Air  0%         N/A       85%         3
 Teleport Other           Tloc           0%         N/A       85%         3
 Tukima's Dance           Hex            0%         N/A       85%         3
 Blade Hands              Tmut           0%         N/A       100%        5
 Freezing Cloud           Conj/Ice/Air   0%         6-21      100%        5
 Irradiate                Conj/Tmut      0%         3d11      100%        5
 Iskenderun's Battlesphe  Conj           0%         2d6       100%        5
 Metabolic Englaciation   Hex/Ice        0%         N/A       100%        5
 Yara's Violent Unravell  Hex/Tmut       0%         3d3       100%        5
 Dispersal                Tloc           0%         N/A       100%        6
 Iron Shot                Conj/Erth      0%         9d1       100%        6
 Dragon Form              Tmut           0%         N/A       100%        7
 Spellforged Servitor     Conj/Summ      0%         N/A       100%        7
 Discord                  Hex            0%         N/A       100%        8
 Polar Vortex             Ice            0%         N/A       100%        9
 Simulacrum               Ice/Necr       Unusable   N/A       N/A         6

Dungeon Overview and Level Annotations

Branches:
Dungeon (12/15) Zot: 26889  Temple (1/1) D:4 Zot: 5744    Lair (5/5) D:9 Zot: 23326
  Swamp (0/4) Lair:3       Spider (0/4) Lair:3        Slime (0/5) Lair:5
    Orc (2/2) D:11 Zot: 10730     Elf (0/3) Orc:2         Sewer (visited)
  IceCv (1/1) Zot: 5830   Gauntlet (visited)

Altars:
Ashenzari
Cheibriados
Dithmenos
Elyvilon
Fedhas
Gozag
Hepliaklqana
Kikubaaqudgha
Makhleb
Nemelex Xobeh
Okawaru
Qazlal
Ru
Sif Muna
Trog
Uskayaw
Vehumet
Wu Jian
Xom
Yredelemnul
Zin
The Shining One
Jiyva
Lugonu

Shops:
D:1 !**[*   D:9 *   D:11 :   Orc:2 [(*((!

Portals:
Abyss: Lair:5

Annotations:
D:3 1 runed translucent door, Crazy Yiuf
D:4 1 runed translucent door
D:5 exclusion: hornet
Lair:1 1 runed translucent door, caveywoolpert's ghost, journeyman GrEE
Lair:2 3 runed translucent doors, kae's ghost, journeyman GrEE
Lair:3 2 exclusions IceCv 1 transporter, exclusion: 2 ice statues


Innate Abilities, Weirdness & Mutations

You cannot wear most types of armour.
You are amphibious.
You can wear up to eight rings at the same time.
Your skin changes colour to match your surroundings (Stealth+).
Your rubbery body absorbs attacks. (AC +1, EV +1)
((You are camouflaged when in or above water. (Stealth+)))
You have tentacles for arms and can constrict up to eight enemies at once.


Message History

r - 16 scrolls of identify (gained 1)
Found an ice covered gate leading back out of this place.
Found a transporter.
There is a transporter landing site here.
r - 17 scrolls of identify (gained 1)
There is a transporter here.
Press: ? - help, v - describe, . - travel, g - get item Item here: a book of the Tundra.
The floor.
Unknown command.
You enter the transporter and appear at another place.
The freezing wraith misses you. The freezing wraith closely misses you.
You hit the freezing wraith.
The freezing wraith is lightly damaged.
The freezing wraith hits you. The freezing wraith freezes you! You resist.
The freezing wraith hits you. The freezing wraith drains your vigour!
You feel yourself slow down.
You slash the freezing wraith!
The freezing wraith is moderately damaged.
The freezing wraith barely misses you. You block the freezing wraith's attack.
The ice statue gestures at you.
The shard of ice reflects off an invisible shield around you!
The shard of ice hits the ice statue.
The ice statue partially resists.
You block the freezing wraith's attack.
The freezing wraith hits you but does no damage.
You hit the freezing wraith but do no damage.
You squeeze the freezing wraith.
The freezing wraith is moderately damaged.
You block the freezing wraith's attack. The freezing wraith hits you.
The freezing wraith drains your vigour!
You feel as though you will be slow longer.
The ice statue gestures at you.
The bolt of cold hits the freezing wraith.
The freezing wraith completely resists.
The bolt of cold hits you! You resist.
You slash the freezing wraith!
Your squeeze misses the freezing wraith.
The freezing wraith is severely damaged.
You block the freezing wraith's attack. x2
The ice statue gestures at you.
The shard of ice reflects off an invisible shield around you!
The shard of ice hits the ice statue.
The ice statue partially resists.
The freezing wraith completely misses you.
The freezing wraith hits you.
You slash the freezing wraith!
The freezing wraith is almost destroyed.
You block the freezing wraith's attack. x2
The ice statue gestures.
You slash the freezing wraith!
Lightning courses through the freezing wraith!
You destroy the freezing wraith!
The ice statue gestures at you.
The shard of ice reflects off an invisible shield around you!
The shard of ice hits the ice statue!
The ice statue partially resists.
The ice statue gestures.
The ice beast misses you.
The ice beast is distracted by your dazzling golden aura.
You block the ice beast's attack.
You see here 4 gold pieces.
The ice statue gestures at you.
The freezing blast engulfs the ice beast.
The ice beast completely resists.
The ice beast is no longer distracted by gold.
You block the ice beast's attack.
You are engulfed in freezing vapours.
You resist.
The ice statue gestures.
You block the ice beast's attack. x2
You slice the ice statue!!
You squeeze the ice statue, but do no damage.
The ice statue is heavily damaged.
You closely miss the ice beast. You hit the ice beast.
Lightning courses through the ice beast!
You are engulfed in freezing vapours.
You resist.
The ice statue gestures.
You block the ice beast's attack. x2
The ice statue gestures.
The ice beast barely misses you.
You slash the ice statue!
The ice statue is severely damaged.
You hit the ice beast.
Lightning courses through the ice beast!!
You kill the ice beast!
The ice beast disappears in a puff of smoke!
You slash the ice beast!
You are engulfed in freezing vapours.
You resist. You block the ice beast's attack. The ice statue gestures at you.
The bolt of cold misses you. The ice beast hits you. The ice beast freezes you.
You resist.
You hit the ice statue. You squeeze the ice statue!
The ice statue is almost destroyed.
You barely miss the ice beast. You slash the ice beast!
You are engulfed in freezing vapours.
You resist.
* * * LOW HITPOINT WARNING * * *
The ice statue gestures at you. The freezing blast engulfs you. You resist.
* * * LOW HITPOINT WARNING * * *
You block the ice beast's attack. x2
The ice statue gestures at you. The shard of ice hits you!
You partially resist.
You die...
Your body crumbles into a pile of gold.

#......[......#
##....[......##
#.....©.....#
##...8©8...##
###########
##8..©..8##
#8....$.☼8##
#8.....○Y☼☼8##
#.....$Y○☼@Y☼.#
#©..8.)Y☼°8☼☼∩#
###############


You could see 2 ice statues and 4 ice beasts.

Vanquished Creatures
  2 orc warlords
  A minotaur (Gauntlet)
  Snorg (D:10)
  4 hydras
  Erolcha (Orc:2)
  A centaur warrior (Orc:2)
  2 two-headed ogres
  A catoblepas (Lair:4)
  2 thrashing horrors (Lair:5)
  A tengu warrior (D:9)
  An obsidian statue (Gauntlet)
  5 orc knights
  A necromancer (Gauntlet)
  4 ugly things
  3 orc sorcerers
  2 cyclopes
  10 elephants (Lair:5)
  4 black mambas
  9 cane toads
  4 rime drakes
  14 komodo dragons
  An unseen horror (D:10)
  A freezing wraith (IceCv)
  3 ancient zymes (Lair:5)
  6 trolls
  A meliai (shapeshifter) (Lair:5)
  2 polar bears
  A hornet (D:10)
  31 blink frogs
  A large abomination (Lair:5)
  A spriggan (Lair:5)
  5 wyverns
  31 yaks
  A wraith (D:10)
  7 basilisks
  A steam dragon (D:6)
  A redback (Lair:3)
  2 vampire mosquitoes (D:12)
  5 chaos spawn (Lair:5)
  Menkaure (D:5)
  3 wargs
  An acid dragon (D:9)
  16 water moccasins
  A hydra simulacrum (IceCv)
  36 orc warriors
  Pargi (Sewer)
  6 black bears
  8 ogres
  28 wolves
  18 centaurs
  A phantom (D:4)
  2 kobold brigands
  A necrophage (D:7)
  9 bullfrogs
  3 scorpions
  A gnoll sergeant (D:11)
  A cane toad simulacrum (IceCv)
  18 killer bees
  2 howler monkeys
  An electric eel (D:9)
  A lava snake (Lair:3)
  4 hounds
  2 jellies
  3 gnoll boudas
  9 orc priests
  Jessica (D:3)
  An iguana (D:5)
  10 orc wizards
  12 small abominations (Lair:5)
  3 polar bear simulacra (IceCv)
  17 gnolls
  8 adders
  6 white imps
  2 worms (D:3)
  3 dart slugs
  52 orcs
  9 ball pythons
  9 bats
  6 endoplasms
  3 giant cockroaches
  7 goblins
  7 hobgoblins
  15 kobolds
  2 quokkas
  3 frilled lizards (D:1)
  5 rats
532 creatures vanquished.

Vanquished Creatures (collateral kills)
  An orc warrior (Orc:1)
1 creature vanquished.

Vanquished Creatures (others)
  An orc (Orc:1)
  37 fungi
  58 plants
96 creatures vanquished.

Grand Total: 629 creatures vanquished

Notes
Turn   | Place    | Note
-------+----------+-------------------------------------------
     0 | D:1      | Flugkiller the Octopode Wanderer began the quest for the
                  | Orb.
     0 | D:1      | Flugkiller set off with the following items: a +0 war axe,
                  | a +0 quarterstaff, a +0 hat, a potion of attraction.
     0 | D:1      | Reached XP level 1. HP: 11/11 MP: 1/1
    66 | D:1      | Reached skill level 1 in Fighting
   152 | D:1      | Found Olifaa's General Store.
   226 | D:1      | Found Jock's Armour Boutique.
   235 | D:1      | Found Rimukut's General Store.
   237 | D:1      | Reached XP level 2. HP: 18/18 MP: 2/2
   252 | D:1      | Found Lyfeigg's Assorted Antiques.
   317 | D:1      | Found Qysug's Distillery.
   693 | D:1      | Reached XP level 3. HP: 25/25 MP: 3/3
  1697 | D:1      | Bought a crude war axe for 153 gold pieces
  1697 | D:1      | Identified the +3 war axe "Iwopa" {heavy, Dex+5} (You
                  | bought it in a shop on level 1 of the Dungeon)
  1865 | D:3      | Found a glowing drain.
  1871 | D:3      | Reached XP level 4. HP: 31/31 MP: 4/4
  1893 | Sewer    | Entered a sewer
  1913 | Sewer    | Noticed Pargi
  1995 | Sewer    | Killed Pargi
  1996 | Sewer    | Reached XP level 5. HP: 9/36 MP: 5/5
  2554 | D:3      | Noticed Jessica
  2559 | D:3      | Killed Jessica
  2709 | D:3      | Found a runed translucent door.
  2710 | D:3      | Noticed Crazy Yiuf
  2820 | D:3      | Found a glowing golden altar of the Shining One.
  2992 | D:1      | Bought a ruby potion for 16 gold pieces
  2992 | D:1      | Bought a white potion for 16 gold pieces
  3229 | D:4      | Reached XP level 6. HP: 42/42 MP: 6/6
  3230 | D:4      | Reached skill level 1 in Shields
  3349 | D:4      | Found a staircase to the Ecumenical Temple.
  3407 | D:4      | Noticed a human
  3408 | D:4      | Found a runed translucent door.
  3413 | D:4      | Found a basalt altar of Yredelemnul.
  3477 | Temple   | Entered the Ecumenical Temple
  3719 | Temple   | Became a worshipper of Gozag Ym Sagoz the Greedy
  4210 | D:1      | Bought a potion of heal wounds for 50 gold pieces
  4303 | D:5      | Entered Level 5 of the Dungeon
  4316 | D:5      | Reached XP level 7. HP: 47/47 MP: 7/7
  4351 | D:5      | Noticed Menkaure
  4362 | D:5      | Killed Menkaure
  4363 | D:5      | Reached skill level 5 in Dodging
  4782 | D:5      | Noticed a hornet
  4854 | D:5      | Reached skill level 6 in Axes
  5433 | D:6      | Reached XP level 8. HP: 46/54 MP: 8/8
  5904 | D:6      | Reached skill level 7 in Axes
  6676 | D:6      | Reached skill level 8 in Axes
  7003 | D:7      | Reached XP level 9. HP: 35/59 MP: 9/9
  7358 | D:7      | Reached skill level 5 in Fighting
  7898 | D:7      | Reached skill level 9 in Axes
  8048 | D:1      | Bought a potion of experience for 500 gold pieces
  8048 | D:1      | Reached skill level 14 in Axes
  8048 | D:1      | Reached XP level 10. HP: 68/68 MP: 10/10
  8667 | D:8      | Found a snail-covered altar of Cheibriados.
  8944 | D:9      | Found an iron altar of Okawaru.
  9300 | D:9      | Reached XP level 11. HP: 48/72 MP: 11/11
  9467 | D:9      | Noticed a tengu warrior
  9468 | D:9      | Noticed a tengu warrior
  9895 | D:9      | Noticed a two-headed ogre
  9911 | D:9      | Found a staircase to the Lair.
  9924 | D:9      | Reached skill level 1 in Evocations
 10001 | D:9      | You fall into a shaft and drop 1 floor!
 10001 | D:10     | Entered Level 10 of the Dungeon
 10316 | D:9      | Killed a two-headed ogre
 10473 | D:9      | Killed a tengu warrior
 10474 | D:9      | Reached skill level 5 in Evocations
 10520 | D:9      | Found Ekkuwim's Serpentskin Sales.
 11035 | D:10     | Found a shimmering blue altar of Sif Muna.
 11062 | D:10     | Reached skill level 5 in Shields
 11127 | D:10     | Noticed Snorg
 11136 | D:10     | Killed Snorg
 11269 | D:10     | Found a blossoming altar of Fedhas.
 11649 | D:11     | Found a sparkling altar of Nemelex Xobeh.
 11719 | D:11     | Found Herch's Book Shoppe.
 11720 | D:11     | Noticed a cyclops
 11725 | D:11     | Killed a cyclops
 11805 | D:11     | Noticed a two-headed ogre
 11813 | D:11     | Killed a two-headed ogre
 11890 | D:11     | Found a staircase to the Orcish Mines.
 12213 | D:11     | Reached XP level 12. HP: 73/81 MP: 12/12
 12345 | D:9      | Bought a ring of poison resistance for 220 gold pieces
 12386 | Lair:1   | Entered Level 1 of the Lair of Beasts
 12417 | Lair:1   | Found a gate leading to a gauntlet.
 12486 | Gauntlet | Entered a Gauntlet
 12486 | Gauntlet | Found a transporter.
 12496 | Gauntlet | Found a transporter.
 12496 | Gauntlet | Noticed a catoblepas
 12511 | Gauntlet | Found a transporter.
 12516 | Gauntlet | Found a transporter.
 12531 | Gauntlet | Found a transporter.
 12550 | Gauntlet | Found a transporter.
 12552 | Gauntlet | Noticed a death scarab
 12560 | Gauntlet | Noticed a death scarab
 12562 | Gauntlet | Found a transporter.
 12574 | Gauntlet | Found a transporter.
 12586 | Gauntlet | Found a transporter.
 12586 | Gauntlet | Noticed a hell hog
 12594 | Gauntlet | Found a large runed translucent door.
 12595 | Gauntlet | Found a large runed translucent door.
 12595 | Gauntlet | Noticed a cacodemon
 12596 | Gauntlet | Found a large runed translucent door.
 12596 | Gauntlet | Found a large runed translucent door.
 12597 | Gauntlet | Found a runed translucent gate.
 12598 | Gauntlet | Found a transporter.
 12598 | Gauntlet | Found a runed translucent gate.
 12599 | Gauntlet | Found a runed translucent gate.
 12600 | Gauntlet | Found a large runed translucent door.
 12600 | Gauntlet | Found a large runed translucent door.
 12601 | Gauntlet | Found a large runed translucent door.
 12602 | Gauntlet | Found a large runed translucent door.
 12611 | Gauntlet | Found a large runed translucent door.
 12611 | Gauntlet | Found a large runed translucent door.
 12611 | Gauntlet | Found a runed translucent door.
 12611 | Gauntlet | Found a runed translucent door.
 12612 | Gauntlet | Found a large runed translucent door.
 12613 | Gauntlet | Found a large runed translucent door.
 12615 | Gauntlet | Found a transporter.
 12623 | Gauntlet | Found a large runed translucent door.
 12623 | Gauntlet | Found a large runed translucent door.
 12624 | Gauntlet | Found a large runed translucent door.
 12625 | Gauntlet | Found a large runed translucent door.
 12633 | Gauntlet | Found a transporter.
 12635 | Gauntlet | Found a transporter.
 12660 | Gauntlet | Found a transporter.
 12662 | Gauntlet | Found a transporter.
 12682 | Gauntlet | Found a transporter.
 12760 | Gauntlet | Found a transporter.
 12780 | Gauntlet | Found a transporter.
 12970 | Gauntlet | Identified the amulet of Untruth {Acrobat Str+3}
 13052 | Gauntlet | Identified the ring "Hoakok" {Fly rElec rPois rCorr Str-5}
 13070 | Gauntlet | Identified the +7 ice dragon scales "Ejeirch" {rPois rF-
                  | rC++}
 13070 | Gauntlet | Identified the ring "Qeucir" {Ice Str+2 Stlth+}
 13070 | Gauntlet | Noticed a minotaur
 13118 | Gauntlet | Killed a minotaur
 13128 | Gauntlet | Identified the +1 hat of Vuf Efunosa {Rampage Will+}
 13134 | Gauntlet | Got Sif Muna's Anthology of the Curse
 13213 | Lair:1   | Reached skill level 10 in Dodging
 13454 | Lair:1   | Found a runed translucent door.
 13463 | Lair:1   | Noticed caveywoolpert's ghost (journeyman GrEE)
 13466 | Lair:1   | Identified the +4 spear of the Several Persimmons {heavy,
                  | rC+}
 13550 | Lair:1   | Noticed a catoblepas
 14126 | Lair:2   | Found a runed translucent gate.
 14141 | Lair:2   | Found a runed translucent gate.
 14141 | Lair:2   | Found a runed translucent gate.
 14148 | Lair:2   | Noticed a seven-headed hydra
 14162 | Lair:2   | HP: 2/84 [five-headed hydra (10)]
 14167 | Lair:2   | Killed a five-headed hydra
 14169 | Lair:2   | Noticed kae's ghost (journeyman GrEE)
 14180 | Lair:2   | Reached XP level 13. HP: 33/90 MP: 13/13
 14510 | Lair:2   | You fall into a shaft and drop 2 floors!
 14676 | Lair:3   | Found a hole to the Spider Nest.
 15358 | Lair:3   | Found the +4 Cigotuvi's embrace {Corpsefed rMiasma Drain
                  | rN+}
 15394 | Lair:3   | Found a staircase to the Swamp.
 16489 | Lair:4   | Reached skill level 15 in Axes
 17188 | Lair:5   | Entered Level 5 of the Lair of Beasts
 17260 | Lair:5   | Reached skill level 10 in Fighting
 17260 | Lair:5   | Reached skill level 10 in Shields
 17677 | Lair:5   | Reached XP level 14. HP: 51/99 MP: 14/14
 18130 | Lair:5   | Reached skill level 16 in Axes
 18869 | Lair:5   | Found a viscous altar of Jiyva.
 18869 | Lair:5   | Found a staircase to the Slime Pits.
 19386 | Lair:5   | Found a corrupted altar of Lugonu.
 19386 | Lair:5   | Found a one-way gate to the infinite horrors of the Abyss.
 19728 | Orc:1    | Entered Level 1 of the Orcish Mines
 19772 | Orc:1    | Noticed an orc warlord
 19791 | Orc:1    | Killed an orc warlord
 20010 | Orc:2    | Entered Level 2 of the Orcish Mines
 20026 | Orc:2    | Found a staircase to the Elven Halls.
 20115 | Orc:2    | Found Boqy's Antique Armour Emporium.
 20129 | Orc:2    | Noticed Erolcha
 20207 | Orc:2    | Killed Erolcha
 20248 | Orc:2    | Noticed an orc warlord
 20358 | Orc:2    | Killed an orc warlord
 20748 | Orc:2    | Found Maok Jaol's Antique Weapon Shoppe.
 20748 | Orc:2    | Found Pappy's Weapon Boutique.
 20754 | Orc:2    | Found Rutovia's Distillery.
 20770 | Orc:2    | Found Podes's Assorted Antiques.
 20905 | Orc:2    | Bought a +2 broad axe of electrocution for 374 gold pieces
 20932 | Orc:2    | Bought a scroll of enchant weapon for 210 gold pieces
 20975 | D:12     | Reached XP level 15. HP: 109/109 MP: 15/15
 21054 | D:12     | Found a frozen archway.
 21076 | IceCv    | Entered an ice cave
 21080 | IceCv    | Found a transporter.
 21219 | IceCv    | Found a transporter.
 21238 | IceCv    | Killed from afar by an ice statue

Illustrated notes

Levels and vault maps discovered:
D:1:      scummos_arrival_checkerplants, layout_rooms, serial_shops, shop, shop,
          nicolae_shop_stone, nicolae_shop_waterfront, shop,
          serial_co_window_serial, co_window_paths_a, co_window_corner_a,
          co_window_paths_a, co_window_of_opportunity_a,
          co_window_of_opportunity_a, co_window_broadway_a,
          co_window_broadway_b, co_window_corner_b, co_window_corner_b,
          glass_columns_a, glass_columns_a
D:2:      kennysheep_big_flooded_room, layout_basic
D:3:      layout_loops_ring, tso_oasis_becter, cheibrodos_sewer_entry_sluice,
          chequers_hall_statues_corner_a, uniq_jessica, uniq_crazy_yiuf_cottage
D:4:      layout_loops_cross, dk_yredelemnul_ordeal,
          minmay_temple_entry_stoned_glass, minmay_misc_feat_pillars
D:5:      layout_basic, kennysheep_generic_room_5, uniq_menkaure
D:6:      layout_layer_cave
D:7:      layout_basic, dk_noncrumbling_3
D:8:      layout_basic, mainiacjoe_overflow_tiny_flanked
D:9:      nicolae_hitomezashi [nicolae_hito_row, nicolae_hito_row,
          nicolae_hito_row, nicolae_hito_row, nicolae_hito_row,
          nicolae_hito_row, nicolae_hito_row, nicolae_hito_row,
          nicolae_hito_row, nicolae_hito_row, nicolae_hito_row,
          nicolae_hito_row, nicolae_hito_row, nicolae_hito_row,
          nicolae_hito_row, nicolae_hito_row, nicolae_hito_row,
          nicolae_hito_row], layout_loops_ring, kennysheep_okawaru_gauntlet,
          serial_bayou, serial_bayou_crossing, serial_bayou_pond_b,
          serial_bayou_pond_e, serial_bayou_ford_a, guppyfry_shop_venom
D:10:     layout_loops_cross, nicolae_overflow_hidden_temple,
          mainiacjoe_overflow_concentric_impassable, uniq_snorg
D:11:     layout_roguey, david_orc_3, serial_shops, nicolae_shop_stone,
          nemelex_diamond_rough_becter
D:12:     layout_loops_ring, portal_ice_cave_rime, uniq_rupert
Temple:   nicolae_temple_bog_church
Lair:1:   layout_gridlike, gauntlet_entry_generic, ebering_ghost_funeral_grove,
          beast_lair_carwin_6
Lair:2:   layout_regular_city, gammafunk_ghost_necromancy
Lair:3:   cheibrodos_magma_flow, layout_regular_city, swamp_mist,
          spider_nest_entry_a
Lair:4:   layout_layer_cave, serial_bayou_pond_c, minmay_stone_trees_small
Lair:5:   hellmonk_lair_end_abyssal_woods, layout_gridlike,
          dpeg_slime_entry_enclosed, grunt_megastairs_2
Orc:1:    layout_caves, serial_shops, shop_fountains, uniq_fannar
Orc:2:    st_orc_rangers, layout_caves, serial_shops,
          nicolae_shop_hallway_stairs, mines1_david, uniq_erolcha
IceCv:    ice_cave_statue_garden_transporter

Skill      XL: |  1  2  3  4  5  6  7  8  9 10 11 12 13 14 |
---------------+-------------------------------------------+-----
Fighting       | 1 2 3 4 5 6 7 8 10 12 | 12.5
Dodging        | 2 3 4 5 6 7 8 9 10 11 12 | 12.5
Shields        | 2 3 4 6 8 10 11 | 11.6
Axes           | 6 8 14 15 16 | 16.0
Evocations     | 6 |  6.0
Staves         | |  1.0
Stealth        | |  4.0

Action                     |  1- 3 |  4- 6 |  7- 9 | 10-12 | 13-15 || total
---------------------------+-------+-------+-------+-------+-------++-------
  Melee: War axe           |    68 |    52 |    93 |   303 |   494 ||  1010
         Constrict         |    14 |    12 |    20 |    47 |    83 ||   176
         Tentacles         |    10 |    10 |    15 |    69 |   145 ||   249
         Punch             |       |     1 |     1 |     2 |    12 ||    16
         Broad axe         |       |       |       |       |    28 ||    28
  Throw: Boomerang         |       |    11 |     6 |     1 |       ||    18
 Invoke: Call Merchant     |       |       |       |       |     1 ||     1
  Evoke: Wand              |       |       |       |     9 |     2 ||    11
         Lightning rod     |       |       |       |     2 |     5 ||     7
         Phantom mirror    |       |       |       |     1 |     1 ||     2
    Use: Scroll            |     7 |     9 |     6 |    11 |    10 ||    43
         Potion            |       |     2 |     1 |     6 |     2 ||    11
   Stab: Sleeping          |    19 |     9 |     7 |    10 |    11 ||    56
         Distracted        |       |       |     1 |     7 |    12 ||    20
         Paralysed         |       |       |       |     4 |       ||     4
         Invisible         |       |       |       |     4 |       ||     4
         Petrified         |       |       |       |     1 |       ||     1
         Petrifying        |       |       |       |       |     1 ||     1
 Armour: Skin              |     6 |     4 |     2 |     5 |    34 ||    51
  Dodge: Dodged            |    33 |    51 |    59 |   180 |   248 ||   571
  Block: Tower shield      |       |       |    11 |       |   399 ||   410
         Kite shield       |       |       |    41 |   282 |   186 ||   509
         Reflection        |       |       |       |     6 |    67 ||    73

Table legend: (Time is in decaauts)
 A = Elapsed time spent in this place.
 B = Non-inter-level travel time spent in this place.
 C = Inter-level travel time spent in this place.
 D = Time resting spent in this place.
 E = Time spent auto-exploring this place.
 F = Levels seen in this place.
 G = Mean time per level.
                   A        B        C        D        E       F      G
               +--------+--------+--------+--------+--------+-----+--------+
         Total |  21635 |  19980 |   1655 |   3897 |  11107 |  23 |  940.7 |
       Dungeon |  12311 |  11059 |   1252 |   2096 |   6573 |  12 | 1025.9 |
        Temple |    255 |    226 |     29 |     77 |    136 |   1 |  255.0 |
          Lair |   6673 |   6359 |    314 |   1455 |   3376 |   5 | 1334.6 |
  Orcish Mines |   1270 |   1211 |     59 |      6 |    667 |   2 |  635.0 |
         Sewer |    279 |    279 |      0 |    111 |     51 |   1 |  279.0 |
      Ice Cave |    167 |    167 |      0 |    111 |     18 |   1 |  167.0 |
      Gauntlet |    678 |    678 |      0 |     40 |    286 |   1 |  678.0 |
               +--------+--------+--------+--------+--------+-----+--------+

Top non-repeatable levels by time:
  Lair:5: 2376 daAuts
  Lair:4: 1444 daAuts
     D:6: 1418 daAuts
     D:5: 1382 daAuts
     D:9: 1350 daAuts
     D:3: 1191 daAuts
     D:8: 1128 daAuts
     D:1: 1064 daAuts
     D:7: 1057 daAuts
  Lair:1: 1030 daAuts
    D:10: 1025 daAuts
  Lair:2: 1014 daAuts
   Orc:2: 933 daAuts
     D:2: 924 daAuts
     D:4: 849 daAuts
